 Dungeon Crawl Stone Soup version 0.30-a0-800-g7c544603b3 (webtiles) character file.

Game seed: 13965449948013103454

21 Pimp the Conjurer (level 2, -25/19 HPs)
             Began as a Demonspawn Conjurer on Feb 21, 2023.
             Killed by an exploding Natasha (29 damage)
             ... ignited by their inner flame
             ... on level 1 of the Dungeon.
             The game lasted 00:02:09 (1154 turns).

Pimp the Conjurer (Demonspawn Conjurer)             Turns: 1154, Time: 00:02:10

Health: -25/19     AC:  2    Str:  7    XL:     2   Next: 65%
Magic:  0/5        EV: 14    Int: 19    God:
Gold:   55         SH:  0    Dex: 11    Spells: 4/5 levels left

rFire   . . .      SeeInvis .    b - +0 short sword
rCold   . . .      Faith    .    (no shield)
rNeg    . . .      Spirit   .    a - +0 robe
rPois   .          Reflect  .    (no helmet)
rElec   .          Harm     .    (no cloak)
rCorr   .          Rampage  .    (no gloves)
Will    .....                    (no boots)
Stlth   +                        (no amulet)
HPRegen 0.23/turn                (no ring)
MPRegen 0.09/turn                (no ring)

@: silenced
A: repulsion field 1
a: no special abilities


You were on level 1 of the Dungeon.
You visited 1 branch of the dungeon, and saw 2 of its levels.

You collected 55 gold pieces.

Inventory:

Hand Weapons
 b - a +0 short sword (weapon)
Armour
 a - a +0 robe (worn)


   Skills:
 + Level 0.1 Fighting
 + Level 0.1 Short Blades
 + Level 0.0 Armour
 + Level 2.1 Dodging
 + Level 2.1 Stealth
 + Level 2.2 Spellcasting
 + Level 4.2 Conjurations


You had 4 spell levels left.
You knew the following spells:

 Your Spells              Type           Power      Damage    Failure   Level
a - Magic Dart            Conj           72%        1d6       3%          1

Your spell library contained the following spells:

 Spells                   Type           Power      Damage    Failure   Level
 Searing Ray              Conj           36%        2d5       4%          2
 Dazzling Flash           Conj/Hex       20%        N/A       21%         3
 Hailstorm                Conj/Ice       10%        3d5       21%         3
 Fulminant Prism          Conj/Hex       5%         3d7       56%         4
 Iskenderun's Mystic Bla  Conj/Tloc      10%        2d4       56%         4
 Ice Form                 Ice/Tmut       2%         N/A       86%         4
 Simulacrum               Ice/Necr       1%         N/A       100%        6


Dungeon Overview and Level Annotations

Branches:
Dungeon (2/15)

Altars:


Innate Abilities, Weirdness & Mutations

You are surrounded by a mild repulsion field. (EV +2)


Message History

Casting: Magic Dart (safe; 3% risk of failure)
Confirm with . or Enter, or press ? or * to list all spells.
Aiming: Magic Dart (safe; 3% risk of failure)
Press: ? - help, Shift-Dir - straight line, f/p - Natasha
Aim: Natasha (moderately wounded, 100% to hit)
The magic dart hits Natasha but does no damage.
Natasha is moderately wounded.
Natasha misses you. The giant cockroach closely misses you.
The frilled lizard barely misses you.
Casting: Magic Dart (safe; 3% risk of failure)
Confirm with . or Enter, or press ? or * to list all spells.
Aiming: Magic Dart (safe; 3% risk of failure)
Press: ? - help, Shift-Dir - straight line, f/p - Natasha
Aim: Natasha (moderately wounded, 100% to hit)
The magic dart hits Natasha but does no damage.
Natasha is moderately wounded.
The giant cockroach bites you but does no damage.
Natasha claws you. The frilled lizard misses you.
You barely miss Natasha.
Natasha is moderately wounded.
The giant cockroach misses you. Natasha misses you.
The frilled lizard bites you.
You aren't carrying any potions.
As you read the scroll labelled WOAQOR TAIVE, it crumbles to dust.
The creatures around you are filled with an inner flame!
It was a scroll of immolation.
The giant cockroach barely misses you. Natasha claws you!
The frilled lizard closely misses you.
As you read the scroll labelled COAKHL YPAF, it crumbles to dust.
A profound silence engulfs you.
It was a scroll of silence.
The giant cockroach closely misses you. Natasha barely misses you.
The frilled lizard closely misses you. The giant cockroach bites you.
* * * LOW HITPOINT WARNING * * *
You hit Natasha.
Flame seeps out of Natasha.
Natasha is heavily wounded.
Natasha is engulfed in blazing flames.
Natasha explodes!
The fiery explosion engulfs the giant cockroach!!
The fiery explosion engulfs you!!
Ouch! That really hurt!
You die...

###.....#.#......................
.................##..##......##'#
........#.#....#.##..##...#......
........#.#....#.##..##...#......
........#.#....#.##..#....#......
........#.#......##....#..#.###.#
..........#...#..#...###..#.###.#
................§§...............
###.............@○...........##.#
(.(.............§l§..............
###.#................####.#......
.............#####..## #........#
..........#..# #..#####.#.###.#
#.#######.#..# #...............
#.# ##.#.)# #..#####.#..##.# #.#
#..#..#####..#####.#..##.#
#.######+##..................##.#


You could see a frilled lizard (inner flame).

Vanquished Creatures
  Natasha (D:1)
  A dart slug (D:1)
  2 bats (D:1)
  An endoplasm (D:1)
  A giant cockroach (D:1)
  A goblin (D:1)
  3 hobgoblins (D:1)
  3 quokkas (D:1)
  2 frilled lizards
  3 kobolds (D:1)
  2 rats (D:1)
20 creatures vanquished.

Notes
Turn   | Place    | Note
-------+----------+-------------------------------------------
     0 | D:1      | Pimp the Demonspawn Conjurer began the quest for the Orb.
     0 | D:1      | Reached XP level 1. HP: 13/13 MP: 3/3
   260 | D:1      | Gained mutation: You are surrounded by a mild repulsion
                  | field. (EV +2) [demonic ancestry]
   260 | D:1      | Reached XP level 2. HP: 14/19 MP: 0/5
   757 | D:1      | Found a faded altar of an unknown god.
  1137 | D:2      | Noticed Natasha
  1154 | D:1      | Killed Natasha
  1154 | D:1      | Killed by an exploding Natasha... ignited by their inner
                  | flame

Illustrated notes

Levels and vault maps discovered:
D:1:      mainiacjoe_arrival_reflecting_pool, layout_basic,
          hellmonk_ecumenical_altar_run_dry, minmay_liquid_box
D:2:      layout_basic, basic_altar, minmay_curled_crystal, minmay_cupped,
          uniq_natasha

Skill      XL: |  1 |
---------------+----+-----
Dodging        | 2 |  2.1
Stealth        | 2 |  2.1
Fighting       | |  0.1
Short Blades   | |  0.1
Spellcasting   | |  2.2
Conjurations   | |  4.2

Action                     || total
---------------------------++-------
  Melee: Unarmed           ||    18
         Punch             ||     1
         Short sword       ||    35
   Cast: Magic Dart        ||    22
    Use: Potion            ||     1
         Scroll            ||     2
   Stab: Sleeping          ||     2
 Armour: Robe              ||    14
  Dodge: Dodged            ||    54

Table legend: (Time is in decaauts)
 A = Elapsed time spent in this place.
 B = Non-inter-level travel time spent in this place.
 C = Inter-level travel time spent in this place.
 D = Time resting spent in this place.
 E = Time spent auto-exploring this place.
 F = Levels seen in this place.
 G = Mean time per level.
                   A        B        C        D        E       F      G
               +--------+--------+--------+--------+--------+-----+--------+
         Total |   1153 |   1141 |     12 |     69 |    868 |   2 |  576.5 |
       Dungeon |   1153 |   1141 |     12 |     69 |    868 |   2 |  576.5 |
               +--------+--------+--------+--------+--------+-----+--------+

Top non-repeatable levels by time:
     D:1: 1080 daAuts
     D:2: 72 daAuts
